 Dungeon Crawl Stone Soup version 0.31-a0-261-g072fdb8a1f (webtiles) character file.

Game seed: 3136474959902457862

15 Dirtsage the Changeling (level 2, -2/19 HPs)
             Began as an Octopode Shapeshifter on July 14, 2023.
             Killed from afar by a dart slug (4 damage)
             ... with a slug dart
             ... on level 1 of the Dungeon.
             The game lasted 00:00:55 (232 turns).

Dirtsage the Changeling (Octopode Shapeshifter)      Turns: 232, Time: 00:00:56

Health: -2/19      AC:  1    Str: 14    XL:     2   Next: 50%
Magic:  2/2        EV: 13    Int: 10    God:
Gold:   16         SH:  0    Dex: 12    Spells: 1/1 levels left

rFire   . .          .
                       - Unarmed
rCold   . . .        (no shield)
rNeg    . . .        (helmet currently unavailable)
rPois   .            (no amulet)
rElec   .            (no ring)
rCorr   .            (no ring)
SInv    .            (no ring)
Will    .....        (no ring)
Stlth   ++           (no ring)
HPRegen 0.23/turn    (no ring)
MPRegen 0.08/turn    (no ring)
                     (no ring)

%: no passive effects
@: beast-form
A: beast (slay +2), almost no armour, amphibious, 8 rings, camouflage 1,
gelatinous body 1, (nimble swimmer 1), tentacles
a: Begin Untransformation


You were on level 1 of the Dungeon.
You were a hulking beast.
You visited 1 branch of the dungeon, and saw 1 of its levels.

You collected 16 gold pieces.

Inventory:

Talismans
 b - a beast talisman
Scrolls
 c - a scroll of teleportation {unknown}
Potions
 a - a potion of lignification


   Skills:
 + Level 2.2 Fighting
 - Level 2.0 Dodging
 * Level 2.4 Unarmed Combat
 * Level 3.2 Shapeshifting


You had one spell level left.
You didn't know any spells.
Your spell library was empty.

Dungeon Overview and Level Annotations

Branches:
Dungeon (1/15)

Altars:


Innate Abilities, Weirdness & Mutations

You are a hulking beast.
Your limbs bulge with bestial killing power. (Slay +2)
You cannot wear most types of armour.
You are amphibious.
You can wear up to eight rings at the same time.
Your skin changes colour to match your surroundings (Stealth+).
Your rubbery body absorbs attacks. (AC +1, EV +1)
((You are camouflaged when in or above water. (Stealth+)))
You have tentacles for arms and can constrict up to eight enemies at once.


Message History

A nearby plant withers and dies.
The ball python misses you. The ball python grabs you.
The ball python constricts you.
You take 1 damage, and have 11/19 hp.
You tentacle-slap the ball python.
You kill the ball python!
The dart slug launches a dart at you. The slug dart hits you.
You take 4 damage, and have 8/19 hp.
MASSIVE DAMAGE!!
The kobold throws a stone.
The stone hits you.
You take 1 damage, and have 7/19 hp.
The kobold throws a stone.
The stone hits you.
* * * LOW HITPOINT WARNING * * *
The dart slug launches a dart at you. The slug dart misses you.
You take 2 damage, and have 5/19 hp.
The kobold throws a stone.
The stone barely misses you. The dart slug launches a dart at you.
The slug dart hits you.
* * * LOW HITPOINT WARNING * * *
You take 4 damage, and have 1/19 hp.
MASSIVE DAMAGE!!
The frilled lizard closely misses you. The dart slug closely misses you.
The frilled lizard attacks as you move away!
The frilled lizard misses you.
The frilled lizard attacks as you move away!
The frilled lizard bites you.
* * * LOW HITPOINT WARNING * * *
You take 2 damage, and have 1/19 hp.
You tentacle-slap the frilled lizard. Your grab misses the frilled lizard.
The frilled lizard is heavily wounded.
The frilled lizard closely misses you.
You barely miss the frilled lizard. You grab the frilled lizard.
The frilled lizard is heavily wounded.
You constrict the frilled lizard, but do no damage.
The frilled lizard closely misses you.
You bludgeon the frilled lizard!
You kill the frilled lizard!
The dart slug launches a dart at you. The slug dart hits you.
You die...

#.##..### #.# #.# #>#
#.#.........# #.# #.#
.......#.#### #.# #..
..........######.# ##.
.................# #.
........#.######.# #.
.......##.# #.# #.
.##...###.# #.# #. #.#
#h# #. #.# #.# #. #
#####.######w# #.
..##....†.....#.########
#.
~...........)..........#
#####.
~.......~.†....~...#####
#.....
≈~~P≈~~≈~≈≈P~~.~####
######
~~~≈≈≈≈≈≈≈≈≈P~~≈≈≈#####
≈~~~≈≈~≈≈†≈≈≈≈≈≈≈≈≈≈≈≈#


You could see a dart slug.

Vanquished Creatures
  A dart slug (D:1)
  3 ball pythons (D:1)
  An endoplasm (D:1)
  2 giant cockroaches (D:1)
  A hobgoblin (D:1)
  2 kobolds (D:1)
  A frilled lizard (D:1)
  A rat (D:1)
12 creatures vanquished.

Notes
Turn   | Place    | Note
-------+----------+-------------------------------------------
     0 | D:1      | Dirtsage the Octopode Shapeshifter began the quest for the
                  | Orb.
     0 | D:1      | Reached XP level 1. HP: 14/14 MP: 1/1
    68 | D:1      | Reached XP level 2. HP: 19/19 MP: 2/2
   232 | D:1      | Killed from afar by a dart slug

Illustrated notes

Levels and vault maps discovered:
D:1:      saegor_arrival_simple_e, layout_loops_ring, minmay_liquid_box,
          chequers_big_river

Action                     || total
---------------------------++-------
  Melee: Unarmed           ||    24
         Constrict         ||     8
         Tentacles         ||     4
  Dodge: Dodged            ||    26

Table legend: (Time is in decaauts)
 A = Elapsed time spent in this place.
 B = Non-inter-level travel time spent in this place.
 C = Inter-level travel time spent in this place.
 D = Time resting spent in this place.
 E = Time spent auto-exploring this place.
 F = Levels seen in this place.
 G = Mean time per level.
                   A        B        C        D        E       F      G
               +--------+--------+--------+--------+--------+-----+--------+
         Total |    231 |    231 |      0 |      0 |    146 |   1 |  231.0 |
       Dungeon |    231 |    231 |      0 |      0 |    146 |   1 |  231.0 |
               +--------+--------+--------+--------+--------+-----+--------+

Top non-repeatable levels by time:
     D:1: 231 daAuts
